[Event "Saturday Night Engine Tour 13 rd Swiss 5m+1s Starts at 2200hrs ST"]
[Site "Infinity Chess"]
[Date "2018.1.14"]
[Round "11"]
[White "Dovahkiin"]
[Black "SkyPilot"]
[Result "1/2-1/2"]
[ECO "A45"]
[WhiteElo "2420"]
[BlackElo "2547"]
[WhiteEngine "BrainFish_180106_x64_modern_CTG"]
[BlackEngine "stockfish_x64_bmi2_2018_01_01_CTG"]
[EventType "Swiss"]
[WhiteTeam ""]
[BlackTeam ""]
[PlyCount "235"]
[TimeControl "300+1"]

1. d4 Nf6 2. Bf4 d5 3. e3 c5 4. c3 Nc6 5. Nd2 e6 6. Ngf3 cxd4 7. exd4 Nh5 
8. Bg5 f6 9. Be3 Bd6 10. g3 O-O 11. Bd3 f5 12. Ne5 Nf6 13. Ndf3 Ng4 
14. Bf4 Ngxe5 15. dxe5 Bc5 16. h4 a6 17. h5 d4 18. h6 g6 19. O-O dxc3 
20. bxc3 Qe7 21. a4 Nd8 22. Qe2 Nf7 23. Bc4 b6 24. Be3 Bb7 25. Nd4 Ng5 
26. f4 Bxd4 27. Bxd4 Ne4 28. Rfb1 Nxg3 29. Qh2 b5 30. Qxg3 bxc4 31. Rb6 Bd5 
32. a5 Rfb8 33. Qg5 Qxg5+ 34. fxg5 Rxb6 35. axb6 a5 36. Bc5 a4 37. Rb1 Kf7 
38. Bd6 Bb7 39. Ba3 Ke8 40. Rb4 Bd5 41. Kf2 f4 42. Bc1 f3 43. Kg3 Kd8 44. b7 Rb8 
45. Rxa4 Rxb7 46. Be3 Rb3 47. Bd4 Ke7 48. Ra7+ Rb7 49. Ra1 Rb2 50. Bf2 Kd7 
51. Ra4 Ke8 52. Ra7 Bb7 53. Ra4 Bd5 54. Ra7 Rb7 55. Ra2 Rd7 56. Be1 Rb7 
57. Ra6 Ke7 58. Bf2 Rd7 59. Bb6 Kf8 60. Ra2 Ke8 61. Ra1 Ke7 62. Bf2 Kf8 
63. Kf4 Ke7 64. Kg4 Ke8 65. Kf4 Re7 66. Kg4 Rd7 67. Ra4 Kd8 68. Ra1 Be4 
69. Kf4 Bb7 70. Ra7 Bc6 71. Ra5 Rd2 72. Kg3 Rd7 73. Bb6+ Kc8 74. Bf2 Kb7 
75. Ra2 Kb8 76. Be3 Bd5 77. Ra6 Rf7 78. Kf2 Rb7 79. Ra2 Kc8 80. Kg3 Rf7 
81. Kf2 Bc6 82. Ra6 Bd5 83. Ra2 Bc6 84. Ra6 Rc7 85. Ra1 Rb7 86. Ra8+ Rb8 
87. Ra1 Rb7 88. Ra8+ Rb8 89. Ra1 Ra8 90. Rh1 Ra2+ 91. Kg3 Kd7 92. Kf4 f2 
93. Rf1 Rc2 94. Bd4 Bd5 95. Rxf2 Rxf2+ 96. Bxf2 Kc6 97. Bd4 Bh1 98. Bg1 Bg2 
99. Bf2 Kd5 100. Be3 Bf1 101. Bb6 Be2 102. Bd4 Bd1 103. Ke3 Bc2 104. Kf4 Bb1 
105. Bg1 Be4 106. Be3 Bb1 107. Bd4 Ba2 108. Bf2 Bb1 109. Bb6 Ba2 110. Ba5 Bb3 
111. Bb4 Bd1 112. Ba3 Bc2 113. Bb4 Bb1 114. Ba3 Ba2 115. Bd6 Bb1 116. Ba3 Ba2 
117. Bb4 Bb1 118. Ba3 1/2-1/2

[Event "Saturday Night Engine Tour 13 rd Swiss 5m+1s Starts at 2200hrs ST"]
[Site "Infinity Chess"]
[Date "2018.1.14"]
[Round "11"]
[White "ocirema"]
[Black "Cepri"]
[Result "1/2-1/2"]
[ECO "C55"]
[WhiteElo "2496"]
[BlackElo "2469"]
[WhiteEngine "stockfish_18010422_x64_modern_CTG"]
[BlackEngine "asmFishW_12J18Mb_CTG"]
[EventType "Swiss"]
[WhiteTeam ""]
[BlackTeam ""]
[PlyCount "140"]
[TimeControl "300+1"]

1. e4 e5 2. Nf3 Nc6 3. Bc4 Nf6 4. d3 Bc5 5. O-O d6 6. c3 O-O 7. h3 a5 
8. Nbd2 Be6 9. Bb5 h6 10. Re1 Qb8 11. Nf1 Qa7 12. Re2 a4 13. Ng3 Qa5 
14. Bxc6 bxc6 15. Nh4 Rfe8 16. Re1 d5 17. exd5 cxd5 18. Rxe5 Bf8 19. Qc2 c5 
20. Bd2 c4 21. Re3 Nd7 22. d4 Qd8 23. Nf3 Bd6 24. a3 Bxg3 25. fxg3 Nf6 
26. g4 Ne4 27. Rae1 f6 28. Rf1 Ng3 29. Rd1 Ne4 30. Rf1 Ng3 31. Rd1 Ne4 
32. Bc1 Bf7 33. Nh4 Ra6 34. Rf1 Qd7 35. Qd1 Rae6 36. Nf5 Bg6 37. Qf3 Qb7 
38. Qf4 Bf7 39. Re2 Bg6 40. Ree1 Qd7 41. h4 Rb6 42. h5 Bh7 43. Rf3 Qb7 
44. Rfe3 Rbe6 45. R3e2 Qd7 46. Re3 Rb6 47. Rf3 Rb3 48. Rh3 Rb6 49. Rhe3 Kh8 
50. Qf3 Rbe6 51. R3e2 Kg8 52. Bf4 Rb6 53. Qh3 Rb3 54. Bc1 Rb6 55. Qf3 Rb3 
56. Be3 Qb5 57. Bc1 Qd7 58. Re3 Qf7 59. Nh4 Kf8 60. Nf5 Qd7 61. Rf1 Qf7 
62. Qh3 Kg8 63. Re2 Rf8 64. Be3 Re8 65. Bc1 Kh8 66. Rfe1 Qd7 67. Rf1 Qe6 
68. Rfe1 Qd7 69. Bf4 Qb5 70. Bc1 Qd7 1/2-1/2

[Event "Saturday Night Engine Tour 13 rd Swiss 5m+1s Starts at 2200hrs ST"]
[Site "Infinity Chess"]
[Date "2018.1.14"]
[Round "11"]
[White "neófito"]
[Black "OlivierEvan"]
[Result "1/2-1/2"]
[ECO "D10"]
[WhiteElo "2484"]
[BlackElo "2492"]
[WhiteEngine "BrainFish_180106_x64_bmi2_CTG"]
[BlackEngine "Houdini 6"]
[EventType "Swiss"]
[WhiteTeam ""]
[BlackTeam ""]
[PlyCount "135"]
[TimeControl "300+1"]

1. d4 d5 2. c4 c6 3. cxd5 cxd5 4. Bf4 Nc6 5. e3 Nf6 6. Bd3 a6 7. Nd2 Qb6 
8. Qb3 Qxb3 9. Nxb3 Bd7 10. Rc1 Nh5 11. Be5 f6 12. Bc7 e5 13. Ne2 Bb4+ 
14. Kd1 Rc8 15. Bb6 f5 16. a3 e4 17. axb4 exd3 18. Nc3 Nf6 19. f3 Nxb4 
20. Kd2 h5 21. Nc5 Rh6 22. h4 f4 23. exf4 Kf7 24. Nxd3 Nxd3 25. Kxd3 Bf5+ 
26. Ke3 Nd7 27. Ba5 Rhc6 28. Ne2 Rc2 29. Rxc2 Rxc2 30. Bc3 Nb6 31. b3 Nc8 
32. Rd1 Nd6 33. Rd2 Nb5 34. Ba5 Rc6 35. Ng3 Bh7 36. Rb2 b6 37. Be1 Rc2 
38. Rxc2 Bxc2 39. b4 g6 40. Ne2 Bf5 41. Nc3 Nxc3 42. Bxc3 Ke6 43. g3 Kd6 
44. Kd2 Kc6 45. Bb2 Kb5 46. Kc3 Bh3 47. Bc1 Bf5 48. Be3 Bd7 49. Kb3 Bf5 
50. Kc3 Bd7 51. Kb3 Bf5 52. Bd2 Be6 53. Be1 Bc8 54. Bd2 Be6 55. Bc3 Kc6 
56. Be1 Bh3 57. g4 hxg4 58. f5 gxf3 59. fxg6 Kd7 60. g7 Be6 61. Kc2 a5 
62. bxa5 bxa5 63. h5 Ke7 64. h6 Kf6 65. Kd3 Kg6 66. Bxa5 Kxh6 67. Ke3 Kxg7 
68. Kxf3 1/2-1/2

[Event "Saturday Night Engine Tour 13 rd Swiss 5m+1s Starts at 2200hrs ST"]
[Site "Infinity Chess"]
[Date "2018.1.14"]
[Round "11"]
[White "Vimtiroba"]
[Black "KillBill2017"]
[Result "1-0"]
[ECO "D30"]
[WhiteElo "2530"]
[BlackElo "2455"]
[WhiteEngine "SF@130118_CTG"]
[BlackEngine "asmFishW_2018-01-12_popcnt_CTG"]
[EventType "Swiss"]
[WhiteTeam ""]
[BlackTeam ""]
[PlyCount "117"]
[TimeControl "300+1"]

1. d4 d5 2. c4 e6 3. Nf3 Nf6 4. Nc3 c6 5. g3 dxc4 6. Ne5 b5 7. Bg2 Nd5 8. e4 Nb4 
9. a3 Qxd4 10. axb4 Qxe5 11. Bf4 Qf6 12. e5 Qd8 13. O-O a5 14. Qh5 h6 
15. Rfd1 Bd7 16. Ne4 Bxb4 17. Bg5 Qc8 18. Ra3 Rf8 19. Be3 Rh8 20. Bb6 Kf8 
21. Rf3 Be8 22. Rd8 Qxd8 23. Bxd8 Nd7 24. Bc7 Kg8 25. Qh4 g5 26. Qg4 Be7 
27. Nf6+ Bxf6 28. exf6 a4 29. h4 c3 30. hxg5 h5 31. Qd4 cxb2 32. Qxb2 Rc8 
33. Bd6 h4 34. Qd4 h3 35. Bf1 c5 36. Qg4 h2+ 37. Kh1 Rd8 38. g6 fxg6 39. Bc7 Ne5 
40. f7+ Bxf7 41. Bxe5 Rh5 42. Rxf7 Kxf7 43. Qf3+ Kg8 44. Qf6 Rxe5 45. Qxg6+ Kh8 
46. Qf6+ Kg8 47. Qxd8+ Kf7 48. Bxb5 Rf5 49. Qe8+ Kf6 50. f4 e5 51. Qf8+ Ke6 
52. Bc4+ Kd7 53. Qxf5+ Kc7 54. Qxe5+ Kc6 55. Qf6+ Kd7 56. Bb5+ Kc8 57. Qc6+ Kb8 
58. Ba6 a3 59. Qb7# 1-0

[Event "Saturday Night Engine Tour 13 rd Swiss 5m+1s Starts at 2200hrs ST"]
[Site "Infinity Chess"]
[Date "2018.1.14"]
[Round "11"]
[White "incredible"]
[Black "Pirate"]
[Result "1/2-1/2"]
[ECO "E15"]
[WhiteElo "2478"]
[BlackElo "2560"]
[WhiteEngine "stockfish_18011309_x64_bmi2"]
[BlackEngine "asmFishW_20_bmi2_CTG"]
[EventType "Swiss"]
[WhiteTeam ""]
[BlackTeam ""]
[PlyCount "47"]
[TimeControl "300+1"]

1. d4 Nf6 2. c4 e6 3. Nf3 b6 4. g3 Be7 5. Bg2 Bb7 6. O-O O-O 7. Nc3 Ne4 
8. Qc2 Nxc3 9. Qxc3 d6 10. Qc2 f5 11. Ne1 Bxg2 12. Nxg2 e5 13. Rd1 Nd7 
14. Rb1 Qe8 15. b3 exd4 16. Rxd4 Bf6 17. Rd1 Be5 18. f4 Bf6 19. Ne3 Nc5 
20. Qxf5 Ne4 21. Rd3 Nc5 22. Rd1 Ne4 23. Rd3 Nc5 24. Rd1 1/2-1/2

[Event "Saturday Night Engine Tour 13 rd Swiss 5m+1s Starts at 2200hrs ST"]
[Site "Infinity Chess"]
[Date "2018.1.14"]
[Round "11"]
[White "KULLANI"]
[Black "MrScience"]
[Result "0-1"]
[ECO "C50"]
[WhiteElo "2452"]
[BlackElo "2546"]
[WhiteEngine "BrainFish_180106_x64_CTG"]
[BlackEngine "BrainFish_x64_modern"]
[EventType "Swiss"]
[WhiteTeam ""]
[BlackTeam ""]
[PlyCount "77"]
[TimeControl "300+1"]

1. e4 e5 2. Nf3 Nc6 3. Bc4 Bc5 4. d3 Nf6 5. c3 d6 6. O-O O-O 7. Bg5 h6 8. Bh4 a5 
9. a4 g5 10. Bg3 Kg7 11. Na3 Ne7 12. Nc2 Bb6 13. Re1 Ng6 14. d4 Nxe4 15. Rxe4 f5 
16. Re1 f4 17. Bd3 fxg3 18. fxg3 g4 19. Nd2 Be6 20. Na3 Qg5 21. Ndc4 Ba7 
22. Bc2 Rae8 23. Kh1 Rf2 24. d5 Ref8 25. dxe6 Rxg2 26. Re2 Rxe2 27. Qxe2 Rf2 
28. Qxf2 Bxf2 29. Rf1 Bc5 30. Be4 Ne7 31. Nxa5 d5 32. Bd3 e4 33. Nxb7 Bxa3 
34. Ba6 Bxb2 35. Nc5 Bxc3 36. Nb3 Qe5 37. Rf7+ Kg6 38. Bb5 Qxe6 39. Rf1 0-1

[Event "Saturday Night Engine Tour 13 rd Swiss 5m+1s Starts at 2200hrs ST"]
[Site "Infinity Chess"]
[Date "2018.1.14"]
[Round "11"]
[White "MarioDeMonti"]
[Black "BlitzMaster"]
[Result "0-1"]
[ECO "C55"]
[WhiteElo "2498"]
[BlackElo "2564"]
[WhiteEngine "stockfish_x64_bmi2_2018_01_01_CTG"]
[BlackEngine "stockfish_18010422_x64_modern_CTG"]
[EventType "Swiss"]
[WhiteTeam ""]
[BlackTeam ""]
[PlyCount "168"]
[TimeControl "300+1"]

1. e4 e5 2. Nf3 Nc6 3. Bc4 Nf6 4. d3 Bc5 5. O-O d6 6. c3 a5 7. Re1 O-O 
8. Nbd2 h6 9. h3 Be6 10. Bb5 Qb8 11. Nf1 Qa7 12. Re2 a4 13. Ng3 Qa5 
14. Bxc6 bxc6 15. Nh4 Rfe8 16. Re1 d5 17. exd5 Nxd5 18. Nhf5 Qb6 19. Qf3 Nf4 
20. d4 Bf8 21. dxe5 Ng6 22. Qh5 Ra5 23. Nd4 Bc5 24. Qd1 Rd8 25. Re4 Bd5 
26. Re2 Bc4 27. Re4 Bf8 28. Qe1 Bd5 29. Rg4 Re8 30. f4 Be6 31. f5 Rxe5 
32. Be3 Bd7 33. fxg6 fxg6 34. Rxg6 Qxb2 35. Qc1 Qxc1+ 36. Bxc1 Kh7 37. Rg4 Re1+ 
38. Kf2 Bxg4 39. hxg4 Bc5 40. Bb2 R1e7 41. Rh1 g6 42. Bc1 Rf7+ 43. Ngf5 Bxd4+ 
44. cxd4 gxf5 45. Rxh6+ Kg8 46. g5 c5 47. d5 Rd7 48. Bb2 Rxd5 49. Rh8+ Kf7 
50. g6+ Ke7 51. g7 Red8 52. Ke3 Kf7 53. a3 c4 54. Kf4 Rg8 55. Bc3 Rd3 
56. Be5 Rxa3 57. Rh5 Ra2 58. Rxf5+ Ke6 59. Rf6+ Kd5 60. Rg6 a3 61. Rg5 Ke6 
62. Rg6+ Kf7 63. Rc6 Rf2+ 64. Ke3 Rxg2 65. Kf3 Rc2 66. Rf6+ Ke7 67. Rg6 a2 
68. Ke3 Kd7 69. Ra6 Re8 70. Kf3 c3 71. Ra3 Ke6 72. Bf4 Kf7 73. Ra5 Re1 
74. g8=Q+ Kxg8 75. Rg5+ Kf7 76. Rf5+ Ke6 77. Ra5 a1=Q 78. Rxa1 Rxa1 79. Bh6 Rh2 
80. Bg5 Rh3+ 81. Kf2 Ra2+ 82. Bd2 Rxd2+ 83. Kg1 c2 84. Kf1 c1=Q# 0-1

[Event "Saturday Night Engine Tour 13 rd Swiss 5m+1s Starts at 2200hrs ST"]
[Site "Infinity Chess"]
[Date "2018.1.14"]
[Round "11"]
[White "RonWeasley"]
[Black "Thor"]
[Result "1/2-1/2"]
[ECO "B32"]
[WhiteElo "2523"]
[BlackElo "2611"]
[WhiteEngine "BrainFish 060118_CTG"]
[BlackEngine "asmFishW_2017-11-19_bmi2"]
[EventType "Swiss"]
[WhiteTeam ""]
[BlackTeam ""]
[PlyCount "88"]
[TimeControl "300+1"]

1. e4 c5 2. Nf3 Nc6 3. d4 cxd4 4. Nxd4 e5 5. Nb5 d6 6. N1c3 Nf6 7. Nd5 Nxd5 
8. exd5 Nb8 9. a4 Be7 10. Be2 O-O 11. O-O f5 12. Bd2 f4 13. c4 a6 14. Nc3 Bf5 
15. Bg4 Nd7 16. Bxf5 Rxf5 17. f3 Qc7 18. Qc2 Rh5 19. Ne4 Nf6 20. Nxf6+ gxf6 
21. a5 Kh8 22. Rf2 Rg8 23. Kh1 Bd8 24. Bb4 Qe7 25. Rc1 Qd7 26. Ra1 Bc7 
27. c5 Bb8 28. cxd6 Rc8 29. Qe4 Ba7 30. Rc2 Rg8 31. Bc5 Bxc5 32. Rxc5 Rxg2 
33. Kxg2 Qh3+ 34. Kf2 Qxh2+ 35. Kf1 Qh1+ 36. Ke2 Qxa1 37. Rc8+ Kg7 38. Kd3 Qd1+ 
39. Kc3 Rh2 40. Rc7+ Kg8 41. Rc8+ Kf7 42. Rc7+ Kg8 43. Rc8+ Kf7 44. Rc7+ Kg8 
1/2-1/2

[Event "Saturday Night Engine Tour 13 rd Swiss 5m+1s Starts at 2200hrs ST"]
[Site "Infinity Chess"]
[Date "2018.1.14"]
[Round "11"]
[White "pablo"]
[Black "Gilgamesch"]
[Result "1/2-1/2"]
[ECO "C50"]
[WhiteElo "2508"]
[BlackElo "2575"]
[WhiteEngine "asmFishW_2017-12-20_bmi2_CTG"]
[BlackEngine "BrainFish_171005_x64_bmi2"]
[EventType "Swiss"]
[WhiteTeam ""]
[BlackTeam ""]
[PlyCount "66"]
[TimeControl "300+1"]

1. e4 e5 2. Nf3 Nc6 3. Bc4 Bc5 4. O-O Nf6 5. d3 d6 6. c3 O-O 7. h3 h6 8. Bb3 a5 
9. Bc2 Re8 10. d4 Bb6 11. Re1 Bd7 12. a3 Qb8 13. Be3 Qa7 14. d5 Bxe3 
15. Rxe3 Ne7 16. c4 b5 17. cxb5 Bxb5 18. Nc3 Bd7 19. Nd2 c6 20. dxc6 Nxc6 
21. Nc4 Nd4 22. Nxd6 Red8 23. Nc4 Be6 24. Nxe5 Nb3 25. Bxb3 Rxd1+ 26. Bxd1 Nd7 
27. Nf3 Rb8 28. Rb1 Qc5 29. Be2 Nf6 30. Na4 Qc8 31. Nc3 Qc5 32. Na4 Qc7 
33. Nc3 Qc5 1/2-1/2

[Event "Saturday Night Engine Tour 13 rd Swiss 5m+1s Starts at 2200hrs ST"]
[Site "Infinity Chess"]
[Date "2018.1.14"]
[Round "11"]
[White "MiKachomiKa QueeN"]
[Black "xeonrocks"]
[Result "1/2-1/2"]
[ECO "C77"]
[WhiteElo "2488"]
[BlackElo "2605"]
[WhiteEngine "stockfish_18011309_x64_modern_CTG"]
[BlackEngine "asmFishW_bmi2.exe_CTG"]
[EventType "Swiss"]
[WhiteTeam ""]
[BlackTeam ""]
[PlyCount "120"]
[TimeControl "300+1"]

1. e4 e5 2. Nf3 Nc6 3. Bb5 a6 4. Ba4 Nf6 5. O-O Be7 6. Re1 b5 7. Bb3 O-O 
8. c3 d5 9. exd5 Nxd5 10. Nxe5 Nxe5 11. Rxe5 c6 12. d4 Bd6 13. Re1 Qh4 
14. g3 Qh3 15. Qe2 Bg4 16. Qf1 Qh5 17. Nd2 Rae8 18. Rxe8 Rxe8 19. f3 Bh3 
20. Qf2 Bf5 21. Nf1 Qg6 22. Bxd5 cxd5 23. Ne3 Bd7 24. Bd2 h5 25. Ng2 a5 
26. Bf4 Bf8 27. Ne3 b4 28. Re1 bxc3 29. bxc3 Qc6 30. Qb2 a4 31. Kf2 Rc8 
32. h4 g6 33. Re2 Be6 34. Rc2 a3 35. Qb1 Bd6 36. Bxd6 Qxd6 37. Qb4 Qxb4 
38. cxb4 Rb8 39. Ke2 Rxb4 40. Kd3 Rb1 41. Rc3 Rg1 42. g4 Rg3 43. gxh5 gxh5 
44. f4 Rf3 45. Rxa3 Rxf4 46. Ra5 Rxh4 47. Nxd5 Bxd5 48. Rxd5 Rh3+ 49. Kc4 h4 
50. a4 Rh1 51. a5 Kg7 52. a6 h3 53. a7 Ra1 54. Rg5+ Kf6 55. Rh5 h2 56. d5 h1=Q 
57. Rxh1 Rxa7 58. Re1 Kg5 59. d6 f5 60. Rb1 f4 1/2-1/2

[Event "Saturday Night Engine Tour 13 rd Swiss 5m+1s Starts at 2200hrs ST"]
[Site "Infinity Chess"]
[Date "2018.1.14"]
[Round "10"]
[White "neófito"]
[Black "ocirema"]
[Result "1/2-1/2"]
[ECO "C68"]
[WhiteElo "2483"]
[BlackElo "2497"]
[WhiteEngine "BrainFish_180106_x64_bmi2_CTG"]
[BlackEngine "stockfish_18010422_x64_modern_CTG"]
[EventType "Swiss"]
[WhiteTeam ""]
[BlackTeam ""]
[PlyCount "27"]
[TimeControl "300+1"]

1. e4 e5 2. Nf3 Nc6 3. Bb5 a6 4. Bxc6 dxc6 5. O-O Bg4 6. h3 h5 7. c3 Qd3 
8. hxg4 hxg4 9. Nxe5 Bd6 10. Nxd3 Bh2+ 11. Kh1 Bd6+ 12. Kg1 Bh2+ 13. Kh1 Bd6+ 
14. Kg1 1/2-1/2

[Event "Saturday Night Engine Tour 13 rd Swiss 5m+1s Starts at 2200hrs ST"]
[Site "Infinity Chess"]
[Date "2018.1.14"]
[Round "10"]
[White "SkyPilot"]
[Black "KULLANI"]
[Result "1/2-1/2"]
[ECO "C53"]
[WhiteElo "2551"]
[BlackElo "2448"]
[WhiteEngine "stockfish_x64_bmi2_2018_01_01_CTG"]
[BlackEngine "BrainFish_180106_x64_CTG"]
[EventType "Swiss"]
[WhiteTeam ""]
[BlackTeam ""]
[PlyCount "129"]
[TimeControl "300+1"]

1. e4 e5 2. Nf3 Nc6 3. Bc4 Bc5 4. c3 Nf6 5. d3 d6 6. O-O a5 7. Re1 Ba7 
8. Nbd2 O-O 9. h3 h6 10. Nf1 Be6 11. Bb5 Ne7 12. Ng3 c6 13. Ba4 b5 14. Bc2 a4 
15. d4 Ng6 16. b3 axb3 17. axb3 Bb6 18. Rxa8 Qxa8 19. Be3 Rd8 20. Qc1 Qb8 
21. Rd1 Rd7 22. Nf5 Bc7 23. Qa3 Bb6 24. Qc1 Bc7 25. Re1 Bb6 26. b4 Rb7 
27. Rd1 Rd7 28. Re1 Bc7 29. dxe5 dxe5 30. Qa3 Bxf5 31. exf5 Ne7 32. Bc5 Ned5 
33. Kf1 Kh7 34. Qb3 Bd6 35. Bxd6 Qxd6 36. Rxe5 Rc7 37. Qb2 c5 38. bxc5 Qxc5 
39. Bb3 Qxc3 40. Qxc3 Nxc3 41. g3 b4 42. Kg2 Nfe4 43. Bc2 Rc5 44. f6 Rxe5 
45. Nxe5 g6 46. Nxf7 Nxf6 47. Kf3 Nd7 48. Ke3 Kg7 49. Nd6 Kf6 50. h4 Ke6 
51. Nc4 Kd5 52. Nd2 g5 53. hxg5 hxg5 54. Bb3+ Ke5 55. f4+ gxf4+ 56. gxf4+ Kf6 
57. Bc2 Nd5+ 58. Kd4 Nxf4 59. Ke3 Ne6 60. Ba4 Ndc5 61. Ne4+ Ke5 62. Nxc5 Nxc5 
63. Be8 b3 64. Bf7 b2 65. Ba2 1/2-1/2

[Event "Saturday Night Engine Tour 13 rd Swiss 5m+1s Starts at 2200hrs ST"]
[Site "Infinity Chess"]
[Date "2018.1.14"]
[Round "10"]
[White "Cepri"]
[Black "MarioDeMonti"]
[Result "1/2-1/2"]
[ECO "B90"]
[WhiteElo "2468"]
[BlackElo "2499"]
[WhiteEngine "asmFishW_12J18Mb_CTG"]
[BlackEngine "stockfish_x64_bmi2_2018_01_01_CTG"]
[EventType "Swiss"]
[WhiteTeam ""]
[BlackTeam ""]
[PlyCount "65"]
[TimeControl "300+1"]

1. e4 c5 2. Nf3 d6 3. d4 cxd4 4. Nxd4 Nf6 5. Nc3 a6 6. Be3 e5 7. Nb3 Be6 
8. Be2 Be7 9. Qd3 Nbd7 10. Nd5 O-O 11. O-O Bxd5 12. exd5 b6 13. c4 a5 
14. Rae1 Re8 15. f4 Rc8 16. Nd2 exf4 17. Bxf4 Ne5 18. Qb3 Nfd7 19. Qh3 g6 
20. Kh1 Bh4 21. g3 Bf6 22. Ne4 Nc5 23. Qxc8 Qxc8 24. Nxf6+ Kg7 25. Nxe8+ Qxe8 
26. b3 f6 27. Kg2 Qc8 28. h4 h5 29. Rd1 Qe8 30. Rfe1 Qc8 31. Rf1 Qe8 
32. Rfe1 Qc8 33. Rf1 1/2-1/2

[Event "Saturday Night Engine Tour 13 rd Swiss 5m+1s Starts at 2200hrs ST"]
[Site "Infinity Chess"]
[Date "2018.1.14"]
[Round "10"]
[White "OlivierEvan"]
[Black "Dovahkiin"]
[Result "1/2-1/2"]
[ECO "A07"]
[WhiteElo "2495"]
[BlackElo "2417"]
[WhiteEngine "Houdini 6"]
[BlackEngine "BrainFish_180106_x64_modern_CTG"]
[EventType "Swiss"]
[WhiteTeam ""]
[BlackTeam ""]
[PlyCount "184"]
[TimeControl "300+1"]

1. Nf3 d5 2. g3 Nf6 3. Bg2 c6 4. O-O Bf5 5. d3 e6 6. Nh4 Bg4 7. h3 Bh5 8. g4 Bg6 
9. Nd2 Nbd7 10. e3 Bd6 11. b3 e5 12. Bb2 Qe7 13. c4 Nc5 14. cxd5 cxd5 
15. Ndf3 Ncd7 16. b4 b5 17. Qb3 Nb6 18. Rac1 O-O 19. Rc6 Rfe8 20. Rfc1 Rab8 
21. a3 Rbd8 22. R6c5 Qd7 23. Ba1 Bb8 24. Rd1 Na4 25. Rcc1 Nb6 26. Qa2 Qb7 
27. Nxg6 hxg6 28. Nd2 Nh7 29. Qc2 Rc8 30. Qb3 Rcd8 31. Qc3 Rc8 32. Qb2 Ng5 
33. Nb3 Ne6 34. Rd2 Rxc1+ 35. Qxc1 Rc8 36. Rc2 Rxc2 37. Qxc2 Qd7 38. Kf1 Bd6 
39. Na5 Nd8 40. Qb3 Qe6 41. Bc3 g5 42. Bd2 f6 43. Qc2 Qd7 44. Qa2 Qf7 
45. Bf3 Kf8 46. Kg2 Qe6 47. Qc2 Qd7 48. Qb3 Bb8 49. Qc3 Nc8 50. Nb3 Ne7 
51. Nc5 Qc6 52. Qb3 a6 53. a4 Bd6 54. axb5 axb5 55. d4 exd4 56. exd4 Bxc5 
57. dxc5 Nf7 58. Kg1 Ne5 59. Bg2 Qa8 60. Bc3 N5g6 61. Qb2 Kf7 62. Qa1 Qc6 
63. Bd2 Qe6 64. Qd4 Nh4 65. Bh1 Nhg6 66. Qd3 Qd7 67. Qe2 Qc6 68. Bg2 Nh4 
69. Bf1 d4 70. f4 gxf4 71. Bxf4 Nd5 72. Bd6 Nxb4 73. Qxb5 Nf3+ 74. Kf2 Qxb5 
75. Bxb5 Nd2 76. h4 Ne4+ 77. Kf3 Nd2+ 78. Ke2 Ne4 79. Bc4+ Ke8 80. Bb5+ Kf7 
81. Bc4+ Ke8 82. Bh2 Ke7 83. Bg1 Nc6 84. Bxd4 Nxd4+ 85. Ke3 Nxc5 86. Kxd4 Nd7 
87. h5 Ne5 88. Be2 Kf7 89. Kd5 Ke7 90. g5 g6 91. hxg6 Nxg6 92. gxf6+ Kxf6 
1/2-1/2

[Event "Saturday Night Engine Tour 13 rd Swiss 5m+1s Starts at 2200hrs ST"]
[Site "Infinity Chess"]
[Date "2018.1.14"]
[Round "10"]
[White "KillBill2017"]
[Black "Pirate"]
[Result "1/2-1/2"]
[ECO "B32"]
[WhiteElo "2450"]
[BlackElo "2565"]
[WhiteEngine "asmFishW_2018-01-12_popcnt_CTG"]
[BlackEngine "asmFishW_20_bmi2_CTG"]
[EventType "Swiss"]
[WhiteTeam ""]
[BlackTeam ""]
[PlyCount "135"]
[TimeControl "300+1"]

1. e4 c5 2. Nf3 Nc6 3. d4 cxd4 4. Nxd4 e5 5. Nb5 d6 6. c4 Nf6 7. N5c3 a6 
8. Be2 Be6 9. Be3 g6 10. O-O Bg7 11. Nd5 Bxd5 12. cxd5 Nd4 13. Nd2 O-O 
14. Bg5 Qd7 15. Re1 Rac8 16. Bd3 Nh5 17. Nc4 Qc7 18. g3 b5 19. Nd2 h6 
20. Be3 Nc2 21. Rc1 Nxe3 22. Rxc7 Nxd1 23. Rxc8 Rxc8 24. Rxd1 Nf6 25. Ra1 h5 
26. Nb3 Bh6 27. Kf1 h4 28. a4 bxa4 29. Rxa4 Rb8 30. Bc2 hxg3 31. hxg3 Rc8 
32. Bd3 Rb8 33. Bc2 Rc8 34. Bd1 Bc1 35. Rxa6 Bxb2 36. Nd2 Ne8 37. Ke2 Kf8 
38. Ba4 Bc1 39. Nb1 Nf6 40. Rxd6 Nxe4 41. Rc6 Rxc6 42. dxc6 Nd6 43. Nc3 Ke7 
44. g4 Kd8 45. Kd3 f5 46. f3 Bb2 47. gxf5 Bxc3 48. Kxc3 gxf5 49. Kb4 Kc7 
50. Kc5 e4 51. fxe4 Nxe4+ 52. Kd4 Kd6 53. c7 Kxc7 54. Bc2 Nd6 55. Ke3 f4+ 
56. Kf3 Nb5 57. Bd3 Nc3 58. Ba6 Kb8 59. Kg4 f3 60. Kf4 f2 61. Bf1 Nb1 
62. Be2 Ka8 63. Ke3 Kb7 64. Bf1 Ka7 65. Be2 Kb6 66. Bf1 Nc3 67. Be2 f1=Q 
68. Bxf1 1/2-1/2

[Event "Saturday Night Engine Tour 13 rd Swiss 5m+1s Starts at 2200hrs ST"]
[Site "Infinity Chess"]
[Date "2018.1.14"]
[Round "10"]
[White "MrScience"]
[Black "incredible"]
[Result "1/2-1/2"]
[ECO "B28"]
[WhiteElo "2549"]
[BlackElo "2475"]
[WhiteEngine "BrainFish_x64_modern"]
[BlackEngine "stockfish_18011309_x64_bmi2"]
[EventType "Swiss"]
[WhiteTeam ""]
[BlackTeam ""]
[PlyCount "309"]
[TimeControl "300+1"]

1. e4 c5 2. Nf3 a6 3. c3 d6 4. d4 Nf6 5. Bd3 Bg4 6. d5 g6 7. Nbd2 Bh6 8. h3 Bxf3 
9. Nxf3 Bxc1 10. Qxc1 Nbd7 11. Qh6 Qb6 12. Rb1 Qa5 13. a3 Qa4 14. Nd2 g5 
15. Nc4 Qb3 16. h4 gxh4 17. Rxh4 O-O-O 18. g3 Kc7 19. Be2 Qc2 20. Rc1 Qb3 
21. Qd2 Nf8 22. f3 Ng6 23. Rh6 Ne5 24. Nxe5 dxe5 25. Kf2 c4 26. Rb1 Rd6 
27. Qe3 Nd7 28. Bd1 Qb5 29. Rh5 Kb8 30. b3 cxb3 31. Rxb3 Qa5 32. Kg2 Rg6 
33. Be2 Rg7 34. c4 Nc5 35. Rb1 f6 36. g4 Ka7 37. Rbh1 Qc7 38. R1h2 b6 
39. Rh6 Kb7 40. Bd1 Qc8 41. Bc2 Qd8 42. Bb3 Ka8 43. Rh1 Kb8 44. Rb1 Rg6 
45. Rh5 Rg7 46. Bd1 Ka7 47. Bc2 Qc7 48. Rc1 Qd7 49. Rch1 Qc7 50. Rh6 Kb7 
51. Rb1 Rgg8 52. Kf2 Ka7 53. Bb3 Qd7 54. Bc2 Qc7 55. Rhh1 Kb7 56. Rh2 Ka7 
57. Rc1 Qd7 58. Ra1 Kb7 59. Rhh1 Rc8 60. Rh6 Rcg8 61. Rg1 Rg6 62. Rh5 Rgg8 
63. Rgh1 Rg7 64. Bb1 Ka7 65. Rh6 Qc7 66. Rc1 Rg6 67. Rh2 Kb8 68. Bc2 Kb7 
69. Kg3 Ka7 70. Kf2 Ka8 71. Rch1 Rg7 72. Rb1 Kb7 73. Rbh1 Qd6 74. Kf1 Ka7 
75. Kf2 Qd7 76. Rh4 Qd6 77. Rc1 Kb7 78. Bb3 Ka7 79. Rh6 Rg6 80. Rh5 Rg5 
81. Rh6 Rg6 82. Rh4 Rg7 83. Rch1 Qc7 84. Bc2 Qc8 85. Rc1 Qc7 86. Rh3 Nb7 
87. Rh6 Rd8 88. a4 Qxc4 89. Bb3 Qb4 90. Rc4 Qa5 91. Qc3 Qxc3 92. Rxc3 Nd6 
93. Ke3 Kb7 94. Bc2 Rc8 95. Rxc8 Kxc8 96. Rh1 Kb8 97. Bb3 a5 98. Bc2 Nf7 
99. Bd3 h6 100. Kd2 Rh7 101. Bb5 Nd6 102. Ke3 Rh8 103. Bc6 Kc8 104. Kd3 Kb8 
105. Rb1 Ka7 106. Rg1 Kb8 107. Ke3 Kc7 108. Rc1 Rd8 109. Bb5+ Kb7 110. Bc6+ Ka6 
111. Kd3 Rg8 112. Bd7 Ka7 113. Bc6 Ka6 114. Rh1 Nf7 115. Kd2 Ka7 116. Rb1 Nd6 
117. Kd3 Rd8 118. Rc1 Kb8 119. Rh1 Rh8 120. Rh2 Rh7 121. Ke2 Ka7 122. Kd3 Kb8 
123. Ke3 Rh8 124. Ke2 Nf7 125. Kd3 Ng5 126. Ke3 Kc7 127. Bb5 Kb7 128. Rh1 Nf7 
129. Bd7 Nd6 130. Ke2 Kc7 131. Bc6 Nf7 132. Ke3 Rg8 133. Rb1 Rf8 134. Bb5 Rd8 
135. Rc1+ Kb7 136. Bc6+ Kb8 137. Rb1 Kc7 138. Bb5 Nd6 139. Rc1+ Kb7 
140. Bc6+ Ka6 141. Rb1 Rc8 142. Rh1 b5 143. axb5+ Nxb5 144. Rxh6 Nd4 
145. g5 Nxc6 146. gxf6 exf6 147. Rxf6 a4 148. Kd3 a3 149. Kc2 a2 150. Kb2 Kb5 
151. dxc6 Rxc6 152. Rxc6 a1=Q+ 153. Kxa1 Kxc6 154. Kb2 Kb6 155. Kc1 1/2-1/2